 Dungeon Sprint DCSS version 0.27-a0-1595-g0b823d0a13 (webtiles) character file.

Game seed: 12408717282166270372

45736 mhtbhm the Hoplite (level 14, 0/151 HPs)
             Began as a Minotaur Fighter on July 20, 2021.
             Was the Champion of Trog.
             Killed from afar by a fire giant (29 damage)
             ... with a bolt of fire
             ... in the Dungeon (Sprint IX: "|||||||||||||||||||||||||||||") on July 21, 2021.
             The game lasted 00:07:30 (3665 turns).

mhtbhm the Hoplite (Minotaur Fighter)               Turns: 3665, Time: 00:07:30

Health: 0/151      AC: 32    Str: 25    XL:     14   Next: 2%
Magic:  13/13      EV: 12    Int:  8    God:    Trog [******]
Gold:   947        SH: 16    Dex:  7    Spells: 13/13 levels left

rFire    . . .     SeeInvis .   a - +7 quick blade (vorpal)
rCold    . . .     Faith    .   c - +0 kite shield
rNeg     . . .     Spirit   .   b - +6 plate armour of the Dolphin {rElec Int+3 Stlth-}
rPois    +         Reflect  .   (helmet restricted)
rElec    +         Harm     .   l - +0 cloak
rCorr    .         Rampage  .   s - +0 pair of gloves
Will     ++...     NoTele   +   v - +0 pair of boots of Anaesthesia {rPois Will+ Dex-4 Slay+3}
Stlth    ..........             (no amulet)
HPRegen  0.35/turn              m - +2 ring of evasion
MPRegen  0.13/turn              n - +2 ring of protection

@: on berserk cooldown
A: horns 2, retaliatory headbutt
a: Renounce Religion, Berserk, Trog's Hand, Brothers in Arms


You were in the Dungeon.
You worshipped Trog.
Trog was exalted by your worship.
You visited 1 branch You collected 1735 gold pieces.
You spent 788 gold pieces at shops.

Inventory:

Hand Weapons
 a - a +7 vorpal quick blade (weapon)
 k - a +2 rapier of draining
Armour
 b - the +6 plate armour of the Dolphin (worn) {rElec Int+3 Stlth-}
   (You bought it in a shop in the Dungeon)

   Int:       It affects your intelligence (+3).
   rElec:     It insulates you from electricity.
   Stlth:     It makes you less stealthy.
 c - a +0 kite shield (worn)
 l - a +0 cloak (worn)
 r - a +0 pair of boots
 s - a +0 pair of gloves (worn)
 v - the +0 pair of boots of Anaesthesia (worn) {rPois Will+ Dex-4 Slay+3}
   (You bought it in a shop in the Dungeon)

   Dex:       It affects your dexterity (-4).
   Slay:      It affects your accuracy & damage with ranged weapons and melee
   (+3).
   rPois:     It protects you from poison.
   Will:      It increases your willpower.
Jewellery
 m - a +2 ring of evasion (left hand)
 n - a +2 ring of protection (right hand)
 y - a ring of protection from fire
 z - a ring of fire
 A - a ring of poison resistance
 B - a ring of fire
Wands
 t - a wand of digging (5)
 x - a wand of paralysis (12)
Scrolls
 j - 2 scrolls of blinking
 o - 5 scrolls of enchant armour
 p - a scroll of fog
 q - 4 scrolls of identify
 u - 3 scrolls of enchant weapon
 D - a scroll of fear
Potions
 d - 2 potions of berserk rage
 e - 7 potions of curing
 f - a potion of invisibility
 g - 3 potions of haste
 h - 4 potions of magic
 i - 4 potions of heal wounds
 C - a potion of mutation


   Skills:
 + Level 21.1 Fighting
 + Level 20.3 Short Blades
 + Level 2.7 Throwing
 + Level 20.2 Armour
 + Level 6.6 Dodging
 + Level 1.4 Stealth
 + Level 22.3 Shields


You had 13 spell levels left.
You didn't know any spells.
Your spell library was empty.

Dungeon Overview and Level Annotations

Branches:
Dungeon (1/1)

Altars:
Cheibriados
Dithmenos
Elyvilon
Fedhas
Gozag
Hepliaklqana
Kikubaaqudgha
Makhleb
Nemelex Xobeh
Okawaru
Qazlal
Ru
Sif Muna
Trog
Uskayaw
Vehumet
Wu Jian
Xom
Yredelemnul
Zin
The Shining One
Beogh
Jiyva
Lugonu

Shops:
D (*:[


Innate Abilities, Weirdness & Mutations

You have a pair of horns on your head.
You reflexively headbutt those who attack you in melee.


Message History

You hit the fire dragon. Your headbutt misses the fire dragon.
The fire dragon is severely wounded.
You hit the fire dragon but do no damage.
The fire dragon is severely wounded.
You hit the fire dragon.
The fire dragon is severely wounded.
The fire dragon closely misses you. You furiously retaliate!
You headbutt the fire dragon, but do no damage.
The fire dragon misses you. You block the fire dragon's attack.
You puncture the fire dragon! You headbutt the fire dragon!
The fire dragon is almost dead.
You hit the fire dragon. You headbutt the fire dragon.
You kill the fire dragon!
Trog accepts your kill.
The fire dragon scales are intact enough to wear.
You have reached level 14!
Unknown command.
You block the fire giant's attack.
Things that are here:
+0 fire dragon scales; a fire dragon corpse You hit the fire giant.
The fire giant is lightly wounded.
You hit the fire giant.
The fire giant is lightly wounded.
The fire giant points at you and mumbles some strange words.
The bolt of fire hits you!!!
* * * LOW HITPOINT WARNING * * *
Unknown command.
You feel much better.
The fire giant hits you with a +2 great sword of flaming!!
* * * LOW HITPOINT WARNING * * *
The fire giant burns you!
* * * LOW HITPOINT WARNING * * *
Unknown command.
Blink to where?
Press: ? - help, Dir - move target
As you read the scroll of blinking, it crumbles to dust.
The fire giant points at you and mumbles some strange words.
The bolt of fire hits you!!
You die...

▓▓▓▓▓▓▓▓▓▓▓▓▓▓▓▓▓▓▓
▓.@.▓...▓...▓...▓..
▓.▓.▓.▓.▓.▓.▓.▓.▓.▓
▓.▓.▓.▓.▓.▓.▓.▓.▓.▓
▓.▓.▓.▓.▓.▓.▓.▓.▓.▓
▓.▓.▓.▓.▓.▓.▓.▓.▓.▓
▓§▓.▓.▓.▓.▓.▓.▓.▓.▓
▓C▓.▓.▓.▓.▓.▓.▓.▓.▓
▓T▓.▓.▓.▓.▓.▓.▓.▓'▓
▓D▓.▓.▓.▓.▓.▓.▓.▓.▓


You could see a fire giant and a deep troll earth mage.

Vanquished Creatures
  Frances (D)
  A thorn hunter (D)
  A frost giant (D)
  A fire giant (D)
  2 stone giants (D)
  A very ugly thing (D)
  Nessos (D)
  An eleionoma (D)
  2 fire dragons (D)
  2 hydras (D)
  A ghost crab (D)
  A rakshasa (D)
  Erica (D)
  5 ogre magi (D)
  A naga warrior (D)
  An anaconda (D)
  A centaur warrior (D)
  A death yak (D)
  A deep troll earth mage (D)
  4 two-headed ogres (D)
  A shock serpent (D)
  Sonja (D)
  A skeletal warrior (D)
  A salamander mystic (D)
  2 naga ritualists (D)
  A swamp dragon (D)
  A harpy (D)
  2 wolf spiders (D)
  2 orc knights (D)
  2 cyclopes (D)
  An ugly thing (D)
  3 manticores (D)
  A salamander (D)
  A merfolk siren (D)
  A black mamba (shapeshifter) (D)
  Joseph (D)
  A black mamba (D)
  A torpor snail (D)
  A naga mage (D)
  A rime drake (D)
  A cane toad (D)
  3 komodo dragons (D)
  5 demonic crawlers (D)
  A troll (D)
  A jumping spider (D)
  A meliai (D)
  2 wind drakes (D)
  A slime creature (D)
  A snapping turtle (D)
  A blink frog (D)
  A wraith (D)
  4 yaks (D)
  A basilisk (D)
  A vampire mosquito (D)
  4 wargs (D)
  An acid dragon (D)
  3 water moccasins (D)
  A hell hound (D)
  9 orc warriors (D)
  An ice beast (D)
  A boggart (D)
  5 ogres (D)
  3 wolves (D)
  A centaur (D)
  3 bullfrogs (D)
  A scorpion (D)
  A wight (D)
  A hound (D)
  4 orc priests (D)
  4 orc wizards (D)
  An adder skeleton (D)
  8 orcs (D)
  A bat zombie (D)
  An endoplasm (D)
  A goblin (D)
  A bat (D)
  A kobold (D)
  A rat (D)
138 creatures vanquished.

Vanquished Creatures (collateral kills)
  A storm dragon (D)
  2 stone giants (D)
  An ettin (D)
  A great orb of eyes (D)
  A glowing orange brain (D)
  A deep elf pyromancer (D)
  An ugly thing (D)
8 creatures vanquished.

Vanquished Creatures (others)
  A fenstrider witch (D)
  2 hydras (D)
  2 swamp dragons (D)
5 creatures vanquished.

Grand Total: 151 creatures vanquished

Notes
Turn   | Place    | Note
-------+----------+-------------------------------------------
     0 | D        | mhtbhm the Minotaur Fighter began the quest for the Orb.
     0 | D        | Reached XP level 1. HP: 19/19 MP: 0/0
     9 | D        | Reached skill level 4 in Shields
    33 | D        | Noticed a hound
    33 | D        | Noticed an ice beast
    33 | D        | Noticed an ogre
    33 | D        | Noticed a scorpion
    42 | D        | Killed a hound
    43 | D        | Reached skill level 5 in Fighting
    43 | D        | Reached skill level 5 in Armour
    43 | D        | Reached skill level 5 in Shields
    43 | D        | Reached XP level 2. HP: 29/29 MP: 1/1
    43 | D        | Reached XP level 3. HP: 36/36 MP: 2/2
    46 | D        | Killed an ice beast
    47 | D        | Reached skill level 1 in Dodging
    47 | D        | Reached skill level 7 in Shields
    47 | D        | Reached XP level 4. HP: 41/45 MP: 3/3
    50 | D        | Killed an ogre
    51 | D        | Reached skill level 5 in Short Blades
    51 | D        | Reached skill level 8 in Shields
    51 | D        | Reached XP level 5. HP: 49/53 MP: 4/4
    54 | D        | Reached XP level 6. HP: 59/62 MP: 5/5
    59 | D        | Found a snail-covered altar of Cheibriados.
    59 | D        | Found a shadowy altar of Dithmenos.
    59 | D        | Found a white marble altar of Elyvilon.
    59 | D        | Found a blossoming altar of Fedhas.
    59 | D        | Found an opulent altar of Gozag.
    60 | D        | Found a hazy altar of Hepliaklqana.
    61 | D        | Found a viscous altar of Jiyva.
    62 | D        | Found an ancient bone altar of Kikubaaqudgha.
    63 | D        | Found a corrupted altar of Lugonu.
    64 | D        | Found a burning altar of Makhleb.
    65 | D        | Found a sparkling altar of Nemelex Xobeh.
    66 | D        | Found an iron altar of Okawaru.
    67 | D        | Found a stormy altar of Qazlal.
    68 | D        | Found a sacrificial altar of Ru.
    69 | D        | Found a shimmering blue altar of Sif Muna.
    70 | D        | Found a bloodstained altar of Trog.
    71 | D        | Found a hide-covered altar of Uskayaw.
    72 | D        | Found a radiant altar of Vehumet.
    73 | D        | Found an ornate altar of the Wu Jian Council.
    74 | D        | Found a shimmering altar of Xom.
    75 | D        | Found a basalt altar of Yredelemnul.
    76 | D        | Found a glowing silver altar of Zin.
    77 | D        | Found a glowing golden altar of the Shining One.
    84 | D        | Became a worshipper of Trog the Wrathful
   199 | D        | Noticed a troll
   199 | D        | Noticed an acid dragon
   199 | D        | Noticed an orc warrior
   199 | D        | Noticed an orc warrior
   204 | D        | Killed a troll
   205 | D        | Reached skill level 10 in Armour
   205 | D        | Reached skill level 10 in Shields
   205 | D        | Killed an acid dragon
   206 | D        | Reached skill level 10 in Fighting
   206 | D        | Reached XP level 7. HP: 39/72 MP: 6/6
   207 | D        | Reached * piety under Trog
   213 | D        | Reached skill level 11 in Shields
   213 | D        | Reached ** piety under Trog
   220 | D        | Noticed a seven-headed hydra
   220 | D        | Noticed a manticore
   220 | D        | Noticed a vampire mosquito
   220 | D        | Noticed a slime creature
   220 | D        | Noticed a basilisk
   220 | D        | Noticed a wraith
   225 | D        | Killed a seven-headed hydra
   226 | D        | Reached skill level 12 in Shields
   226 | D        | Reached XP level 8. HP: 47/83 MP: 7/7
   231 | D        | Killed a manticore
   232 | D        | Reached skill level 10 in Short Blades
   457 | D        | Reached XP level 9. HP: 90/90 MP: 8/8
   462 | D        | Reached *** piety under Trog
   605 | D        | Noticed a cane toad
   605 | D        | Noticed a komodo dragon
   605 | D        | Noticed a komodo dragon
   612 | D        | Killed a cane toad
   613 | D        | Reached skill level 13 in Shields
   613 | D        | Noticed a seven-headed hydra
   615 | D        | Reached **** piety under Trog
   617 | D        | Killed a komodo dragon
   627 | D        | Killed a komodo dragon
   632 | D        | Killed a seven-headed hydra
   632 | D        | Reached ***** piety under Trog
   633 | D        | Reached XP level 10. HP: 102/102 MP: 9/9
   682 | D        | Noticed a death yak
   687 | D        | Received a gift from Trog
   705 | D        | Killed a death yak
   706 | D        | Reached skill level 14 in Shields
   754 | D        | Received a gift from Trog
   761 | D        | Reached skill level 15 in Short Blades
   764 | D        | Reached skill level 15 in Armour
   768 | D        | Reached ****** piety under Trog
   769 | D        | Reached skill level 15 in Fighting
   923 | D        | Noticed Erica
   942 | D        | Killed Erica
   942 | D        | Received a gift from Trog
   943 | D        | Reached XP level 11. HP: 112/112 MP: 10/10
  1058 | D        | Received a gift from Trog
  1188 | D        | Noticed an orc knight
  1188 | D        | Noticed an orc knight
  1198 | D        | Killed an orc knight
  1205 | D        | Killed an orc knight
  1225 | D        | Received a gift from Trog
  1421 | D        | Found Caitt's Weapon Emporium.
  1421 | D        | Noticed a two-headed ogre
  1421 | D        | Noticed an ogre mage
  1421 | D        | Noticed a two-headed ogre
  1421 | D        | Noticed a two-headed ogre
  1425 | D        | Killed a two-headed ogre
  1426 | D        | Reached skill level 15 in Shields
  1426 | D        | Found Yggeloheir's General Store.
  1426 | D        | Noticed an ogre mage
  1428 | D        | Killed an ogre mage
  1429 | D        | Noticed a two-headed ogre
  1435 | D        | Killed a two-headed ogre
  1435 | D        | Received a gift from Trog
  1436 | D        | Found Cogodax's Book Emporium.
  1443 | D        | Killed a two-headed ogre
  1444 | D        | Found Neluf's Antique Armour Shoppe.
  1447 | D        | Noticed an ogre mage
  1450 | D        | Noticed an ogre mage
  1454 | D        | Killed an ogre mage
  1462 | D        | Killed a two-headed ogre
  1463 | D        | Noticed an ogre mage
  1472 | D        | Killed an ogre mage
  1472 | D        | Received a gift from Trog
  1473 | D        | Reached skill level 16 in Shields
  1486 | D        | Killed an ogre mage
  1494 | D        | Killed an ogre mage
  1495 | D        | Reached XP level 12. HP: 119/127 MP: 3/11
  1631 | D        | Bought a potion of heal wounds for 65 gold pieces
  1631 | D        | Bought a scroll of enchant weapon for 97 gold pieces
  1631 | D        | Bought a scroll of identify for 26 gold pieces
  1635 | D        | Bought a pair of encrusted boots for 152 gold pieces
  1635 | D        | Identified the +0 pair of boots of Anaesthesia {rPois Will+
                  | Dex-4 Slay+3} (You bought it in a shop in the Dungeon)
  1641 | D        | Bought a smoking plate armour for 448 gold pieces
  1641 | D        | Identified the +6 plate armour of the Dolphin {rElec Int+3
                  | Stlth-} (You bought it in a shop in the Dungeon)
  1677 | D        | Noticed Sonja
  1688 | D        | Killed Sonja
  1688 | D        | Received a gift from Trog
  1719 | D        | Noticed Joseph
  1735 | D        | Killed Joseph
  1783 | D        | Found the +0 staff of Battle
  1830 | D        | Noticed a centaur warrior
  1850 | D        | Received a gift from Trog
  1851 | D        | Reached skill level 17 in Shields
  1851 | D        | Noticed a stone giant
  1853 | D        | Killed a centaur warrior
  1863 | D        | Noticed an ettin
  1868 | D        | Killed a stone giant
  1870 | D        | Noticed a fire giant
  1872 | D        | Noticed a red very ugly thing
  1879 | D        | Noticed a great orb of eyes
  1889 | D        | Killed a fire giant
  1889 | D        | Received a gift from Trog
  1890 | D        | Reached skill level 5 in Dodging
  1901 | D        | Killed a red very ugly thing
  1932 | D        | Reached skill level 18 in Shields
  1935 | D        | Reached skill level 1 in Stealth
  1935 | D        | Killed an ettin
  1938 | D        | Received a gift from Trog
  1940 | D        | Killed a great orb of eyes
  2362 | D        | Noticed Nessos
  2381 | D        | Killed Nessos
  2566 | D        | Noticed Frances
  2580 | D        | Killed Frances
  2581 | D        | Reached skill level 1 in Throwing
  2661 | D        | Noticed an eleionoma
  2661 | D        | Noticed a thorn hunter
  2661 | D        | Noticed a five-headed hydra
  2661 | D        | Noticed a six-headed hydra
  2674 | D        | Killed an eleionoma
  2674 | D        | Received a gift from Trog
  2675 | D        | Reached skill level 19 in Shields
  2675 | D        | Reached XP level 13. HP: 138/138 MP: 4/12
  2685 | D        | Killed a thorn hunter
  2738 | D        | Noticed a fenstrider witch
  2749 | D        | Killed a fenstrider witch
  3070 | D        | Received a gift from Trog
  3180 | D        | Reached skill level 20 in Shields
  3202 | D        | Received a gift from Trog
  3396 | D        | Received a gift from Trog
  3418 | D        | Reached skill level 21 in Shields
  3568 | D        | Noticed a frost giant
  3568 | D        | Noticed a fire dragon
  3568 | D        | Noticed a stone giant
  3568 | D        | Noticed a stone giant
  3575 | D        | Received a gift from Trog
  3576 | D        | Noticed a storm dragon
  3576 | D        | Noticed a stone giant
  3586 | D        | Killed a frost giant
  3588 | D        | Noticed a fire dragon
  3599 | D        | Noticed a fire giant
  3600 | D        | Killed a fire dragon
  3600 | D        | Received a gift from Trog
  3607 | D        | Killed a stone giant
  3614 | D        | Noticed a fire dragon
  3625 | D        | Killed a stone giant
  3626 | D        | Reached skill level 22 in Shields
  3638 | D        | Killed a storm dragon
  3640 | D        | Killed a stone giant
  3660 | D        | Killed a fire dragon
  3661 | D        | Reached XP level 14. HP: 72/151 MP: 13/13
  3665 | D        | Killed from afar by a fire giant

Illustrated notes

Levels and vault maps discovered:
D:        linesprint [early_d, line_temple, items_1, d_10, items_2, lair_1,
          lair_end, items_3, orc_1, orc_end, items_4, d_15, swamp_1, shoals_1,
          snake_1, spider_1, d_20, vaults_1, items_5, swamp_end, shoals_end,
          snake_end, spider_end, vaults_end, d_27, items_6, zot_1, zot_end,
          crypt_end, forest_end, elf_end, slime_end, tomb_end, abyss_end,
          pan_hell_end]

Skill      XL: |  1  2  3  4  5  6  7  8  9 10 11 12 13 |
---------------+----------------------------------------+-----
Fighting       | 5 6 8 10 11 12 13 15 17 19 21 | 21.1
Armour         | 5 7 8 10 12 14 15 16 18 20 | 20.2
Shields        | 5 7 8 10 12 13 14 16 19 22 | 22.3
Short Blades   | 3 4 5 7 9 10 13 15 17 19 20 | 20.3
Dodging        | 1 2 3 4 5 6 |  6.6
Stealth        | 1 |  1.4
Throwing       | 1 2 |  2.7

Action                   |  1- 3 |  4- 6 |  7- 9 | 10-12 | 13-15 || total
-------------------------+-------+-------+-------+-------+-------++-------
Melee: Rapier            |    22 |    12 |    56 |    75 |       ||   165
       Headbutt          |     5 |     5 |    17 |    87 |    67 ||   181
       Short sword       |       |       |       |    83 |       ||    83
       Quick blade       |       |       |       |   191 |   286 ||   477
Throw: Dart              |       |       |       |     2 |     3 ||     5
Invok: Berserk           |       |       |     3 |    10 |     4 ||    17
       Brothers in Arms  |       |       |       |     2 |     2 ||     4
  Use: Potion            |     2 |     1 |     1 |       |     3 ||     7
       Scroll            |       |       |       |       |     1 ||     1
Armor: Scale mail        |     4 |     1 |       |       |       ||     5
       Plate armour      |       |     2 |    16 |    51 |   122 ||   191
Dodge: Dodged            |     7 |     4 |     9 |    37 |    42 ||    99
Block: Kite shield       |    14 |     5 |    22 |    99 |   109 ||   249

Table legend: (Time is in decaauts)
 A = Elapsed time spent in this place.
 B = Non-inter-level travel time spent in this place.
 C = Inter-level travel time spent in this place.
 D = Time resting spent in this place.
 E = Time spent auto-exploring this place.
 F = Levels seen in this place.
 G = Mean time per level.
                   A        B        C        D        E       F      G
               +--------+--------+--------+--------+--------+-----+--------+
         Total |   3378 |   3378 |      0 |   1773 |    529 |   1 | 3378.0 |
       Dungeon |   3378 |   3378 |      0 |   1773 |    529 |   1 | 3378.0 |
               +--------+--------+--------+--------+--------+-----+--------+

Top non-repeatable levels by time:
       D: 3378 daAuts
